[Event "Titled Tuesday Blitz May 9 Late 2023"]
[White "Bilan, Danila"]
[Black "Nazari, Arad"]
[WhiteFideId "24161918"]
[BlackFideId "12577324"]
[WhiteElo "2182"]
[BlackElo "2175"]
[Result "0-1"]
[Round "06"]
[TimeControl "180+2"]
[Date "2023.05.09"]
[WhiteClock "0:00:03"]
[BlackClock "0:01:08"]

1. d4 Nf6 2. Nf3 g6 3. Bg5 Ne4 4. Bh4 Bg7 5. Nbd2 Nxd2 6. Qxd2 O-O 7. e3 c5 8. c3 b6 9. Bc4 Bb7 10. O-O Bxf3 11. gxf3 d5 12. Be2 Qd7 13. Rad1 c4 14. e4 e6 15. Bg5 Nc6 16. h4 h5 17. e5 b5 18. Kh2 Kh7 19. Rg1 Ne7 20. f4 Nf5 21. Bxh5 gxh5 22. Qe2 Bh6 23. Qxh5 Rg8 24. Bf6 Rg6 25. Rg5 Rag8 26. Rdg1 b4 27. Kh3 bxc3 28. bxc3 Qa4 29. Rxf5 exf5 30. Bg5 Qc2 31. Rg3 Qb1 32. Bxh6 Qh1# 0-1


[Site "https://www.chess.com"]

[Event "Titled Tuesday Blitz May 9 Late 2023"]
[White "Dragomirescu, Robin-Alexandru"]
[Black "Harshavardhan G B"]
[WhiteFideId "1213849"]
[BlackFideId "25059009"]
[WhiteElo "2356"]
[BlackElo "2323"]
[Result "0-1"]
[Round "06"]
[TimeControl "180+2"]
[Date "2023.05.09"]
[WhiteClock "0:00:00"]
[BlackClock "0:00:09"]

1. b3 d5 2. Bb2 Nf6 3. Nf3 Nbd7 4. e3 g6 5. c4 c6 6. cxd5 cxd5 7. Nc3 Bg7 8. Nxd5 O-O 9. Nxf6+ Nxf6 10. Bc4 Bd7 11. O-O Bc6 12. Ne5 Bd5 13. d4 e6 14. Rc1 Rc8 15. Qe2 Ne4 16. f3 Nd6 17. Bd3 b6 18. Nc4 Nxc4 19. bxc4 Bb7 20. Rfd1 Re8 21. Rd2 e5 22. dxe5 Bxe5 23. Bxe5 Rxe5 24. Bxg6 Qe7 25. Bb1 Rxe3 26. Qf2 Re8 27. Qg3+ Kh8 28. Bf5 Bxf3 29. Rf1 Be2 30. Qf4 Qe5 31. Qh4 Qg7 32. Rf4 Bf3 33. h3 Rg8 34. Bg4 Bc6 35. Kh2 Re4 36. Rdf2 Qe5 37. Qf6+ Qxf6 38. Rxf6 Be8 39. R2f4 Rxf4 40. Rxf4 Kg7 41. c5 bxc5 42. Rc4 Kf6 43. Rxc5 Rg5 44. Rc8 Bb5 45. Rc7 a6 46. Bf3 Re5 47. Ra7 Re3 48. a4 Bc4 49. Rc7 Bf1 50. Rc6+ Kg7 51. Rxa6 Bxa6 0-1


[Site "https://www.chess.com"]

[Event "Titled Tuesday Blitz May 9 Late 2023"]
[White "Guz, Ari"]
[Black "Kucuksari, Kaan"]
[WhiteFideId "2825759"]
[BlackFideId "6380166"]
[WhiteElo "2205"]
[BlackElo "2364"]
[Result "0-1"]
[Round "06"]
[TimeControl "180+2"]
[Date "2023.05.09"]
[WhiteClock "0:01:33"]
[BlackClock "0:01:47"]

1. b3 d5 2. Bb2 Bf5 3. Nf3 e6 4. e3 Nd7 5. d4 Ngf6 6. Bd3 Bd6 7. O-O O-O 8. Nbd2 a5 9. a3 a4 10. b4 c6 11. Qe2 Nb6 12. c4 Bxd3 13. Qxd3 dxc4 14. Nxc4 Nxc4 15. Qxc4 Ne4 16. Qc2 f5 17. Nd2 Qh4 18. f4 Nf6 19. Nf3 Qh5 20. Ng5 Ng4 21. h3 Nxe3 22. Qd3 Nxf1 23. Rxf1 Rae8 24. Qc4 Bxf4 25. Nxe6 Be3+ 26. Kh1 Qf7 0-1


[Site "https://www.chess.com"]

[Event "Titled Tuesday Blitz May 9 Late 2023"]
[White "Tifferet, Shaked"]
[Black "Averjanov, Alexey"]
[WhiteFideId "2811529"]
[BlackFideId "14109867"]
[WhiteElo "2142"]
[BlackElo "2699"]
[Result "0-1"]
[Round "06"]
[TimeControl "180+2"]
[Date "2023.05.09"]
[WhiteClock "0:00:34"]
[BlackClock "0:01:50"]

1. d4 d5 2. Bf4 Nf6 3. e3 e6 4. Nf3 c5 5. c3 Bd6 6. Bb5+ Nc6 7. Bg3 O-O 8. Nbd2 cxd4 9. exd4 Qc7 10. a4 a6 11. Bd3 e5 12. dxe5 Nxe5 13. Nxe5 Bxe5 14. O-O Bg4 15. Qc2 Bxg3 16. hxg3 Bh5 17. Nb3 Bg6 18. Bxg6 hxg6 19. a5 Rfe8 20. Rad1 Re5 21. Rfe1 Rae8 22. Rxe5 Qxe5 23. Qd2 Qe2 24. f3 Qe5 25. Nc5 Qxg3 26. Nxb7 Qc7 27. b4 Qxb7 28. Qd3 Qc6 29. Qd4 Re2 30. Rd3 Qd6 31. c4 Qg3 0-1


[Site "https://www.chess.com"]

[Event "Titled Tuesday Blitz May 9 Late 2023"]
[White "Jonkman, Harmen"]
[Black "Tatarinov, Dmitry"]
[WhiteFideId "1002708"]
[BlackFideId "24160067"]
[WhiteElo "2368"]
[BlackElo "2326"]
[Result "0-1"]
[Round "06"]
[TimeControl "180+2"]
[Date "2023.05.09"]
[WhiteClock "0:00:00"]
[BlackClock "0:01:46"]

1. d4 d5 2. Nf3 e6 3. Bf4 Nf6 4. e3 c5 5. Nbd2 Bd6 6. Bg3 Qc7 7. dxc5 Bxg3 8. hxg3 Qxc5 9. c4 O-O 10. Rc1 Nc6 11. cxd5 Qxd5 12. Bc4 Qa5 13. Qc2 Rd8 14. Ke2 Bd7 15. Ne4 Nxe4 16. Qxe4 h6 17. g4 Nb4 18. g5 Bc6 19. Qh4 Bxf3+ 20. gxf3 Qxg5 21. Qxg5 hxg5 22. Rcg1 Rac8 23. Bb3 Rc5 24. Rg4 Nd3 25. Rc4 Rxc4 26. Bxc4 Nxb2 27. Bb5 a6 28. Rb1 Nd1 0-1


[Site "https://www.chess.com"]

[Event "Titled Tuesday Blitz May 9 Late 2023"]
[White "Simonian, Hrair"]
[Black "Karas, Marek"]
[WhiteFideId "13302337"]
[BlackFideId "14928558"]
[WhiteElo "2447"]
[BlackElo "2233"]
[Result "1-0"]
[Round "06"]
[TimeControl "180+2"]
[Date "2023.05.09"]
[WhiteClock "0:00:05"]
[BlackClock "0:00:00"]

1. e4 e6 2. d4 d5 3. Nc3 Nf6 4. Bg5 Be7 5. e5 Nfd7 6. Bxe7 Qxe7 7. f4 a6 8. Nf3 c5 9. Qd2 Nc6 10. dxc5 Qxc5 11. Bd3 b5 12. a3 Bb7 13. Ne2 b4 14. axb4 Nxb4 15. Ned4 Nxd3+ 16. Qxd3 Qb4+ 17. c3 Nc5 18. Qe2 Qb6 19. O-O O-O 20. Ra2 a5 21. Rfa1 Ba6 22. Qf2 Bc4 23. Ra3 Nd3 24. Qe3 Qxb2 25. f5 exf5 26. Nxf5 h6 27. N3d4 Ra6 28. Qg3 Rg6 29. Ne7+ Kh7 30. Nxg6 fxg6 31. Nf3 Nc1 32. Qe1 Ne2+ 33. Kh1 Qc2 34. Nd2 Bd3 35. e6 Re8 36. R1a2 Rxe6 37. Rxc2 Bxc2 38. Qf2 Bd3 39. Nf3 1-0


[Site "https://www.chess.com"]

[Event "Titled Tuesday Blitz May 9 Late 2023"]
[White "Jovic, Stanoje"]
[Black "Mihajlov, Sebastian"]
[WhiteFideId "905020"]
[BlackFideId "1512110"]
[WhiteElo "2236"]
[BlackElo "2478"]
[Result "0-1"]
[Round "06"]
[TimeControl "180+2"]
[Date "2023.05.09"]
[WhiteClock "0:00:00"]
[BlackClock "0:00:27"]

1. c4 g5 2. h4 g4 3. h5 Bg7 4. g3 Nc6 5. Bg2 d6 6. Nc3 e5 7. d3 h6 8. e4 Nge7 9. Nge2 Be6 10. Nd5 Qd7 11. Rb1 f5 12. b4 Nd8 13. b5 c6 14. bxc6 bxc6 15. Nxe7 Qxe7 16. Qa4 O-O 17. exf5 Bxf5 18. Be4 Qf7 19. Be3 d5 20. Bxf5 Qxf5 21. cxd5 cxd5 22. Qb3 Qf7 23. O-O d4 24. Qxf7+ Rxf7 25. Bd2 Ne6 26. Rfc1 Rf5 27. Rc6 Re8 28. Rb5 Rxh5 29. Ra5 Re7 30. Bb4 Rb7 31. Rxe6 Rxb4 32. Rxa7 Rb1+ 33. Kg2 Rbh1 34. Ng1 R1h2+ 35. Kf1 Rf5 36. Re8+ Bf8 37. f4 exf4 38. Ke1 f3 39. Kf1 f2 40. Rxf8+ Rxf8 0-1


[Site "https://www.chess.com"]

[Event "Titled Tuesday Blitz May 9 Late 2023"]
[White "cristianserban1"]
[Black "Matinian, Nikita"]
[BlackFideId "24129100"]
[WhiteElo "2503"]
[BlackElo "2422"]
[Result "0-1"]
[Round "06"]
[TimeControl "180+2"]
[Date "2023.05.09"]
[WhiteClock "0:00:06"]
[BlackClock "0:00:43"]

1. d4 Nf6 2. Bf4 g6 3. Nc3 d5 4. e3 c6 5. Nf3 Nbd7 6. h3 Bg7 7. Be2 O-O 8. O-O b6 9. a4 a5 10. Re1 Bb7 11. Ne5 Rc8 12. Bf3 e6 13. Qe2 c5 14. Nb5 Ba6 15. c3 Ne4 16. Bxe4 dxe4 17. Nc4 Bxb5 18. axb5 cxd4 19. exd4 f5 20. Nd6 Ra8 21. Qc4 Qe7 22. Re2 Kh8 23. Rae1 Nf6 24. f3 Nd5 25. Bh2 exf3 26. Rxe6 Qh4 27. g3 Qxh3 28. Qxd5 Qg2# 0-1


[Site "https://www.chess.com"]

[Event "Titled Tuesday Blitz May 9 Late 2023"]
[White "Cruz, William Ferreira Da"]
[Black "Volkov, Maksim"]
[WhiteFideId "2118050"]
[BlackFideId "54123070"]
[WhiteElo "2223"]
[BlackElo "2297"]
[Result "1/2-1/2"]
[Round "06"]
[TimeControl "180+2"]
[Date "2023.05.09"]
[WhiteClock "0:00:11"]
[BlackClock "0:00:17"]

1. d4 d5 2. c4 e6 3. Nc3 c6 4. e4 dxe4 5. Nxe4 Bb4+ 6. Bd2 Qxd4 7. Bxb4 Qxe4+ 8. Ne2 Na6 9. Bf8 Ne7 10. Bxg7 Rg8 11. Qd4 Qxd4 12. Bxd4 c5 13. Bc3 Nc6 14. a3 e5 15. g3 Nd4 16. Nxd4 cxd4 17. Bd2 Bf5 18. Bg2 O-O-O 19. Bd5 e4 20. Bxf7 Rgf8 21. Bd5 Nc7 22. Bh6 Rfe8 23. O-O Rd7 24. Bf4 Nxd5 25. cxd5 Rxd5 26. Rac1+ Kd8 27. Rc7 Rd7 28. Rxd7+ Kxd7 29. Rd1 d3 30. Rc1 Rc8 31. Rxc8 Kxc8 32. Kf1 Kd7 33. Ke1 Kc6 34. Kd2 Kd5 35. Kc3 h5 36. Be3 a6 37. Bf4 Bh3 38. Be3 Ke5 39. Bf4+ Kf5 40. Kd4 Bg2 41. h4 Kg4 42. Ke3 Kh3 43. Be5 Bf3 44. Bc3 Kg2 45. Bd2 Kf1 46. Bc3 Kg2 47. Bd2 Kh3 48. Bc3 Kg4 49. Bd2 Kf5 50. Kd4 Ke6 51. Kc5 Kd7 52. Kd4 Kc6 53. Kc4 b6 54. Be3 Be2 55. Kd4 Bf3 56. Bd2 Kb5 57. b3 a5 58. a4+ Kc6 59. b4 axb4 60. Bxb4 Kb7 61. a5 b5 62. Kc5 Be2 63. Bd2 Ka6 64. Kb4 Bg4 65. Kc5 Bh3 66. Kb4 Bg2 67. Kc5 Bf3 68. Kb4 Bg4 69. Kc5 Bf5 70. Kb4 Bd7 71. Kc5 Kb7 72. Kd4 Bc6 73. Kc5 Bd7 74. Kd4 Bc6 75. Kc5 Be8 76. Kd4 Bg6 77. Kc5 Ka6 78. Kd4 Bf5 79. Kc5 Bh7 80. Kd4 Bg6 81. Kc5 Bf5 82. Kd4 Bh7 83. Kc5 Bg6 84. Kd4 Bf5 85. Kc5 Bg4 86. Kd4 Bf3 87. Kc5 Bg2 88. Kd4 Bh1 89. Kc5 Bf3 90. Kd4 b4 91. Bxb4 Kb5 92. Bd2 Ka6 93. Kc5 Bg2 94. Kb4 Bf3 95. Kc5 Bg4 96. Kb4 Bf3 97. Kc5 1/2-1/2


[Site "https://www.chess.com"]

[Event "Titled Tuesday Blitz May 9 Late 2023"]
[White "Seemann, Jakub"]
[Black "OPQRC"]
[WhiteFideId "21874697"]
[WhiteElo "2364"]
[BlackElo "2487"]
[Result "1-0"]
[Round "06"]
[TimeControl "180+2"]
[Date "2023.05.09"]
[WhiteClock "0:00:51"]
[BlackClock "0:00:04"]

1. Nf3 Nf6 2. c4 g6 3. Nc3 Bg7 4. e4 d6 5. d4 O-O 6. h3 e5 7. d5 a5 8. g4 Na6 9. Be3 Nd7 10. Nd2 Ndc5 11. Be2 c6 12. h4 cxd5 13. cxd5 Bd7 14. h5 Rb8 15. hxg6 fxg6 16. Nc4 Qc7 17. a4 Nb4 18. Qd2 Rf7 19. Rd1 Rbf8 20. Nb5 Bxb5 21. axb5 Nxe4 22. Qc1 Nxf2 23. Bxf2 Rxf2 24. Qc3 Qc5 25. Ne3 Qb6 26. g5 e4 27. Qb3 Bxb2 28. Rh3 Bd4 29. Bg4 Bxe3 30. Be6+ Kg7 31. Qc3+ Bd4 32. Rxh7+ Kxh7 33. Qh3+ Kg7 34. Qh6# 1-0


[Site "https://www.chess.com"]

[Event "Titled Tuesday Blitz May 9 Late 2023"]
[White "Lewicki, Miroslaw"]
[Black "Ladan, Nicholas"]
[WhiteFideId "1113380"]
[BlackFideId "30918855"]
[WhiteElo "2212"]
[BlackElo "2167"]
[Result "1-0"]
[Round "06"]
[TimeControl "180+2"]
[Date "2023.05.09"]
[WhiteClock "0:01:37"]
[BlackClock "0:00:10"]

1. g3 d5 2. Bg2 Nf6 3. Nf3 c5 4. O-O Nc6 5. c3 Bf5 6. d4 e6 7. Nbd2 h6 8. dxc5 Bxc5 9. Nb3 Bb6 10. Nfd4 Bg6 11. Be3 O-O 12. a4 a6 13. a5 Nxa5 14. Nxe6 fxe6 15. Bxb6 Qxb6 16. Rxa5 Be4 17. Bh3 h5 18. Ra3 Ng4 19. Qd4 Qxd4 20. Nxd4 e5 21. Ne6 Rf6 22. Nc5 Rc8 23. Nxe4 dxe4 24. f3 Ne3 25. Bxc8 Nxf1 26. Kxf1 exf3 27. Bxb7 fxe2+ 28. Kxe2 Rb6 29. Bd5+ Kh7 30. b4 Kg6 31. Bc4 Kg5 32. Rxa6 Rb8 33. Be6 h4 34. Kf3 Rf8+ 35. Ke4 Rf2 36. gxh4+ Kxh4 37. Ra8 Re2+ 38. Kd5 Kg5 39. b5 Rxh2 40. b6 Rb2 41. Kc6 e4 42. b7 e3 43. Bc4 e2 44. Bxe2 Rxe2 45. b8=Q g6 46. Qg3+ Kh6 47. Qh4+ Kg7 48. Ra7+ Kg8 49. Qh7+ 1-0


[Site "https://www.chess.com"]

[Event "Titled Tuesday Blitz May 9 Late 2023"]
[White "Przybylski, Wojciech"]
[Black "Rosen, Eric"]
[WhiteFideId "1117599"]
[BlackFideId "2032562"]
[WhiteElo "2222"]
[BlackElo "2331"]
[Result "1/2-1/2"]
[Round "06"]
[TimeControl "180+2"]
[Date "2023.05.09"]
[WhiteClock "0:00:12"]
[BlackClock "0:00:19"]

1. d4 d5 2. g3 Nf6 3. Bg2 Bf5 4. c4 c6 5. Nf3 e6 6. O-O Nbd7 7. Nc3 Be7 8. a3 O-O 9. h3 h6 10. Re1 Ne4 11. Nd2 Nxc3 12. bxc3 Qa5 13. Qb3 Rab8 14. e4 dxe4 15. Nxe4 Bxe4 16. Bxe4 Bd6 17. c5 Bc7 18. Qc4 Nf6 19. Bc2 Rfd8 20. Be3 Nd5 21. Bd2 Rd7 22. Reb1 Bd8 23. Qd3 Nf6 24. c4 Qa6 25. Rb4 b6 26. Bf4 Bc7 27. Bxc7 Rxc7 28. Rab1 Kf8 29. Qe3 Rcc8 30. Qe5 Ne8 31. Ra4 Qb7 32. Be4 Qc7 33. Qxc7 Rxc7 34. cxb6 axb6 35. Ra6 Nd6 36. Bd3 Nc8 37. a4 Ke7 38. a5 Rcb7 39. Be4 Kd7 40. c5 f5 41. Bf3 Ra7 42. Rxa7+ Nxa7 43. cxb6 Nb5 44. Rxb5 cxb5 45. a6 Rxb6 46. a7 Ra6 47. a8=Q Rxa8 48. Bxa8 b4 49. Bf3 b3 50. Bd1 b2 51. Bc2 Kd6 52. Kf1 Kd5 53. Ke2 Kxd4 54. Kd2 g6 55. Bb1 h5 56. h4 e5 57. Bc2 e4 58. Bb1 Kc4 59. Kc2 Kd4 60. Kd2 Kd5 61. Kc3 Ke5 62. Kxb2 Kd4 63. Kc1 e3 64. fxe3+ Kxe3 65. Kd1 Kf2 66. Ba2 Kxg3 67. Ke2 Kxh4 68. Be6 Kg5 69. Kf3 Kf6 70. Bd7 g5 71. Bc8 h4 72. Bd7 Kg6 73. Bc8 h3 74. Kg3 g4 75. Kf4 h2 76. Bb7 Kh5 77. Kg3 Kg5 78. Kxh2 Kf4 79. Kg2 g3 80. Bc6 Kg4 81. Bd7 Kf4 82. Bc6 Ke3 83. Bb7 f4 84. Ba8 Kd4 85. Bf3 Kc5 86. Bg4 Kd6 87. Kf3 Ke5 88. Kg2 Kf6 89. Bf3 Ke7 90. Be4 Kd8 91. Bf3 Ke7 92. Be4 Kd6 93. Bf3 Ke5 94. Bb7 Kf5 95. Bf3 Kg5 96. Bb7 Kg6 97. Ba8 Kf7 98. Bb7 Ke8 99. Ba8 Kd7 100. Bf3 Kc7 101. Be4 Kd6 102. Kf3 Ke5 103. Bb7 Kd4 104. Kg2 Ke3 105. Bf3 Kd4 106. Bb7 Kc5 107. Bf3 Kb6 108. Be4 Ka7 109. Bf3 Kb8 110. Be4 Kc7 111. Bf3 Kd6 112. Be4 Ke5 113. Ba8 f3+ 114. Bxf3 Kf4 115. Be4 Ke3 116. Kxg3 1/2-1/2


[Site "https://www.chess.com"]

[Event "Titled Tuesday Blitz May 9 Late 2023"]
[White "Ryan, Joseph"]
[Black "Subelj, Jan"]
[WhiteFideId "2500426"]
[BlackFideId "14618583"]
[WhiteElo "2476"]
[BlackElo "2474"]
[Result "0-1"]
[Round "06"]
[TimeControl "180+2"]
[Date "2023.05.09"]
[WhiteClock "0:01:51"]
[BlackClock "0:01:51"]

1. d4 e6 2. e4 d5 3. Nc3 Bb4 4. e5 c5 5. a3 Bxc3+ 6. bxc3 Ne7 7. a4 Nbc6 8. Nf3 Bd7 9. Bb5 Na5 10. Bd3 Rc8 11. O-O Nec6 12. Ng5 h6 13. Qh5 Rf8 14. Nh7 Rg8 15. Bxh6 cxd4 16. cxd4 Nxd4 17. Qg4 Nf5 18. Nf6+ Qxf6 19. exf6 Nxh6 20. fxg7 Nxg4 0-1


[Site "https://www.chess.com"]

[Event "Titled Tuesday Blitz May 9 Late 2023"]
[White "TimGrutter03"]
[Black "KorolDimitriy75"]
[WhiteElo "2615"]
[BlackElo "2468"]
[Result "1-0"]
[Round "06"]
[TimeControl "180+2"]
[Date "2023.05.09"]
[WhiteClock "0:00:02"]
[BlackClock "0:00:00"]

1. b3 c5 2. Bb2 Nc6 3. Nf3 d6 4. e3 e5 5. d4 cxd4 6. exd4 e4 7. Nfd2 d5 8. Bb5 Nf6 9. O-O Bd6 10. h3 a6 11. Bxc6+ bxc6 12. c4 O-O 13. Nc3 Be6 14. Rc1 Qd7 15. cxd5 cxd5 16. Na4 Bxh3 17. Rc3 Bg4 18. Qc1 Qf5 19. Rc6 Bf4 20. g3 Bf3 21. Nxf3 Bxc1 22. Nh4 Qh3 23. Rfxc1 Ng4 24. R6c2 Rac8 25. Nc5 Rc6 26. Nf5 Qh2+ 27. Kf1 Qh1+ 28. Ke2 Qf3+ 29. Kf1 Qxf5 30. Ke1 Rh6 31. Kd2 Rh2 32. Kc3 Rxf2 33. Rxf2 Qxf2 34. Kb4 e3 35. Bc3 e2 36. Nd3 Qf1 37. Be1 Ne3 38. Ka5 h5 39. b4 Ng2 40. a4 Qf3 41. Ne5 Qa3 42. Rb1 1-0


[Site "https://www.chess.com"]

[Event "Titled Tuesday Blitz May 9 Late 2023"]
[White "Filgueira, Hernan"]
[Black "marik_spb"]
[WhiteFideId "101770"]
[WhiteElo "2363"]
[BlackElo "2461"]
[Result "1-0"]
[Round "06"]
[TimeControl "180+2"]
[Date "2023.05.09"]
[WhiteClock "0:00:47"]
[BlackClock "0:00:00"]

1. c4 Nf6 2. Nc3 d6 3. g3 g6 4. Bg2 Bg7 5. d4 O-O 6. Nf3 c5 7. O-O Nc6 8. d5 Na5 9. Nd2 e6 10. Qc2 exd5 11. cxd5 a6 12. b3 b5 13. Bb2 Re8 14. e4 Rb8 15. Rae1 b4 16. Nd1 Bd7 17. Ne3 Bb5 18. Nec4 Nxc4 19. bxc4 Bd7 20. e5 dxe5 21. Bxe5 Rb6 22. Nb3 Bf5 23. Qb2 Rxe5 24. Qxe5 Ne4 25. Qf4 Nd6 26. Nxc5 g5 27. Qc1 a5 28. Ne4 Bxe4 29. Bxe4 Rb8 30. Bd3 Bc3 31. Re2 Rc8 32. Qe3 Nxc4 33. Qe4 Nb2 34. Qxh7+ Kf8 35. Be4 Qf6 36. Bf5 Rd8 37. Be4 Nc4 38. Bg2 Nd2 39. Rd1 Nf3+ 40. Kh1 1-0


[Site "https://www.chess.com"]

[Event "Titled Tuesday Blitz May 9 Late 2023"]
[White "Kourkoulos-Arditis, Stamatis"]
[Black "Jimenez Almeida, Luis David"]
[WhiteFideId "4221990"]
[BlackFideId "22242244"]
[WhiteElo "2400"]
[BlackElo "2245"]
[Result "1-0"]
[Round "06"]
[TimeControl "180+2"]
[Date "2023.05.09"]
[WhiteClock "0:00:17"]
[BlackClock "0:00:26"]

1. Nf3 g6 2. e4 Bg7 3. d4 c6 4. Nc3 d6 5. a4 a5 6. Be3 Nf6 7. h3 Na6 8. Be2 O-O 9. O-O Re8 10. e5 Nd5 11. Nxd5 cxd5 12. Qd2 Nc7 13. Bh6 Bh8 14. exd6 Qxd6 15. Rfe1 Bf5 16. Bf1 b6 17. c3 Rac8 18. g4 Be6 19. Bf4 Qd8 20. Bd3 Bd7 21. Ne5 Ne6 22. Bg3 Ng5 23. Qxg5 f6 24. Qh4 fxe5 25. Bxe5 Bxe5 26. Rxe5 e6 27. Qxd8 Rexd8 28. Kg2 Rf8 29. Kg3 Kg7 30. Bb5 Bxb5 31. axb5 Rf6 32. Rae1 Rcf8 33. R1e2 Rf3+ 34. Kg2 R8f6 35. g5 R6f5 36. Rxe6 R3f4 37. Re7+ Kf8 38. Re8+ Kf7 39. R2e7# 1-0


[Site "https://www.chess.com"]

[Event "Titled Tuesday Blitz May 9 Late 2023"]
[White "MKlose11"]
[Black "Rios Escobar, Adan"]
[BlackFideId "3403645"]
[WhiteElo "2603"]
[BlackElo "2448"]
[Result "1-0"]
[Round "06"]
[TimeControl "180+2"]
[Date "2023.05.09"]
[WhiteClock "0:01:01"]
[BlackClock "0:00:02"]

1. e4 c5 2. Nc3 d6 3. g3 g6 4. Bg2 Bg7 5. d3 Nc6 6. Be3 e6 7. Qd2 Rb8 8. Nge2 b5 9. O-O b4 10. Nd1 Nd4 11. Nc1 h5 12. c3 bxc3 13. bxc3 Nc6 14. h3 Ba6 15. f4 Nge7 16. f5 Be5 17. Ne2 Qc7 18. fxe6 fxe6 19. Nf4 Qd7 20. h4 Bxf4 21. Bxf4 O-O 22. Ne3 e5 23. Bg5 Rxf1+ 24. Rxf1 Rf8 25. Rxf8+ Kxf8 26. Kh2 Bc8 27. Qf2+ Kg8 28. Bh6 Qe8 29. Qf6 Qf7 30. Qxd6 Kh7 31. Bg5 Ba6 32. c4 Bb7 33. Qxc5 Qe6 34. Nd5 Ng8 35. Qf8 Nd4 36. Bh3 Qd6 37. Qxd6 Bc8 38. Bxc8 Nf3+ 39. Kg2 Ne1+ 40. Kf1 Nxd3 41. Nf6+ Kg7 42. Nxg8 a5 43. Qf6+ Kh7 44. Be6 Nf4 45. Qf7+ Kh8 46. Bf6# 1-0


[Site "https://www.chess.com"]

[Event "Titled Tuesday Blitz May 9 Late 2023"]
[White "Balla, Tamas-Kristof"]
[Black "Ismagilov, Damir"]
[WhiteFideId "1208497"]
[BlackFideId "34199982"]
[WhiteElo "2334"]
[BlackElo "2143"]
[Result "0-1"]
[Round "06"]
[TimeControl "180+2"]
[Date "2023.05.09"]
[WhiteClock "0:00:00"]
[BlackClock "0:01:10"]

1. f4 d5 2. b3 c5 3. Bb2 Nf6 4. e3 g6 5. Bb5+ Bd7 6. Qe2 Bg7 7. Nf3 O-O 8. Bxd7 Qxd7 9. Ne5 Qc7 10. O-O Nc6 11. Nxc6 Qxc6 12. d3 c4 13. Be5 Rac8 14. Nc3 b5 15. a4 b4 16. Nb5 Qb7 17. dxc4 dxc4 18. bxc4 a6 19. Nd4 Ne4 20. Bxg7 Kxg7 21. a5 Qc7 22. Qd3 Nd6 23. c5 Qxc5 24. Qxa6 Nc4 0-1


[Site "https://www.chess.com"]

[Event "Titled Tuesday Blitz May 9 Late 2023"]
[White "Mortazavi, Ali"]
[Black "Gasparyan, David"]
[WhiteFideId "401323"]
[BlackFideId "13311980"]
[WhiteElo "2339"]
[BlackElo "2413"]
[Result "1-0"]
[Round "06"]
[TimeControl "180+2"]
[Date "2023.05.09"]
[WhiteClock "0:00:39"]
[BlackClock "0:00:00"]

1. Nf3 Nf6 2. g3 g6 3. Bg2 Bg7 4. O-O O-O 5. d3 d6 6. e4 e5 7. Nc3 Nc6 8. a4 h6 9. a5 a6 10. h3 Be6 11. Be3 Qd7 12. Kh2 d5 13. Bc5 Rfd8 14. Nd2 dxe4 15. Ndxe4 Nxe4 16. Nxe4 f5 17. Nc3 Kh7 18. h4 Rab8 19. Re1 f4 20. Be4 Nd4 21. Bxd4 exd4 22. Ne2 fxg3+ 23. fxg3 Bg4 24. Qd2 Be5 25. Nf4 Bxf4 26. Qxf4 Rf8 27. Qe5 Rf2+ 28. Kg1 Rbf8 29. h5 Bf5 30. Kxf2 Bxe4+ 31. Kg1 Bf5 32. Qe7+ 1-0


[Site "https://www.chess.com"]

[Event "Titled Tuesday Blitz May 9 Late 2023"]
[White "Nikologorskiy, Konstantin"]
[Black "Pasti, Aron"]
[WhiteFideId "24111708"]
[BlackFideId "785857"]
[WhiteElo "2273"]
[BlackElo "2173"]
[Result "0-1"]
[Round "06"]
[TimeControl "180+2"]
[Date "2023.05.09"]
[WhiteClock "0:00:00"]
[BlackClock "0:00:54"]

1. d4 Nf6 2. c4 e6 3. Nf3 d5 4. g3 Be7 5. Bg2 O-O 6. O-O Nbd7 7. b3 c5 8. Bb2 dxc4 9. bxc4 Nb6 10. Nbd2 Bd7 11. Ne5 Na4 12. Rb1 Nxb2 13. Rxb2 cxd4 14. Rxb7 Qc8 15. Nb3 Rd8 16. c5 Rb8 17. Rxb8 Qxb8 18. Nxd7 Nxd7 19. c6 Nc5 20. Nxc5 Bxc5 21. Qc2 Bb6 22. Rc1 Qc7 23. h4 g6 24. h5 Kg7 25. Qe4 Rd5 26. h6+ Kxh6 27. Qh4+ Rh5 28. Qf4+ Qxf4 29. gxf4 Bc7 30. Rb1 Rc5 31. Rb7 Rc1+ 32. Kh2 Bxf4+ 33. Kh3 f5 34. Rxa7 g5 35. f3 e5 36. c7 g4+ 37. fxg4 Rc3+ 38. Bf3 e4 39. gxf5 exf3 40. exf3 Bxc7 41. Kg4 d3 42. Ra6+ Kg7 43. f6+ Kf7 44. Ra8 d2 0-1


[Site "https://www.chess.com"]

[Event "Titled Tuesday Blitz May 9 Late 2023"]
[White "cryptoguru02"]
[Black "Arnold, Ken"]
[BlackFideId "2056836"]
[WhiteElo "2587"]
[BlackElo "2395"]
[Result "1-0"]
[Round "06"]
[TimeControl "180+2"]
[Date "2023.05.09"]
[WhiteClock "0:00:04"]
[BlackClock "0:00:00"]

1. d4 Nf6 2. c4 e6 3. Nc3 d5 4. Nf3 Bb4 5. cxd5 exd5 6. Bg5 Nbd7 7. e3 c6 8. Bd3 h6 9. Bh4 O-O 10. O-O Re8 11. a3 Be7 12. Qc2 Nf8 13. h3 Be6 14. b4 a6 15. Rab1 N6d7 16. Bxe7 Qxe7 17. Na4 Nf6 18. Nc5 N8h7 19. a4 Ng5 20. Nxg5 hxg5 21. b5 cxb5 22. axb5 Rec8 23. Qd2 a5 24. b6 Rc6 25. Ra1 Nd7 26. Nxe6 Qxe6 27. Rxa5 Rac8 28. Qe2 Nxb6 29. Qh5 Nc4 30. Ra7 g6 31. Qxg5 b5 32. Re7 Qf6 33. Qxf6 Rxf6 34. Rb7 Nd6 35. Rb6 Kg7 36. Bxb5 Rc2 37. Bd3 Rd2 38. Rb3 Nc4 39. Bxc4 dxc4 40. Rc3 Rc6 41. Rfc1 Rb6 42. R3c2 Rxc2 43. Rxc2 Rb4 44. Kf1 f5 45. Ke2 Kf6 46. f3 Ke6 47. e4 fxe4 48. fxe4 Kd6 49. Ke3 Rb3+ 50. Kf4 c3 51. g4 Kc6 52. h4 Kb5 53. h5 gxh5 54. gxh5 Kc4 55. d5 Kd3 56. Rc1 Rb4 57. Kf5 c2 58. e5 Rh4 59. d6 Rxh5+ 60. Ke6 Kd4 61. Rxc2 Rxe5+ 62. Kd7 Kd5 63. Kc7 Ke6 64. d7 1-0


[Site "https://www.chess.com"]

[Event "Titled Tuesday Blitz May 9 Late 2023"]
[White "Rangel, Daniel"]
[Black "Komov, Roman"]
[WhiteFideId "2124475"]
[BlackFideId "24175714"]
[WhiteElo "2256"]
[BlackElo "2189"]
[Result "0-1"]
[Round "06"]
[TimeControl "180+2"]
[Date "2023.05.09"]
[WhiteClock "0:00:00"]
[BlackClock "0:00:19"]

1. c4 c5 2. Nc3 Nc6 3. g3 g6 4. Bg2 Bg7 5. e3 e5 6. Nge2 Nge7 7. O-O O-O 8. Nd5 d6 9. Nec3 Be6 10. a3 a5 11. Rb1 Rb8 12. d3 f5 13. Bd2 Kh8 14. f4 Bg8 15. Kh1 Nxd5 16. Nxd5 b5 17. b3 b4 18. axb4 axb4 19. Ra1 exf4 20. gxf4 Bxd5 21. Bxd5 Ne7 22. Bf3 d5 23. Ra7 dxc4 24. dxc4 Nc8 25. Ra6 Rb6 26. Rxb6 Qxb6 27. Bc1 Rd8 28. Qc2 Nd6 29. Rd1 Ne4 30. Rxd8+ Qxd8 31. Bxe4 fxe4 32. Qxe4 Qd1+ 33. Kg2 Bf6 34. Qe6 Kg7 35. e4 Qxc1 36. Qd7+ Kf8 37. Qc8+ Kf7 38. Qd7+ Be7 39. Qd5+ Kf8 40. Qe5 Qd2+ 41. Kf3 Qc3+ 42. Qxc3 bxc3 43. Ke3 g5 44. f5 Bf6 45. Kd3 Ke7 46. h3 h5 47. Kc2 g4 48. hxg4 hxg4 49. Kd3 Be5 50. Ke3 g3 51. Kf3 c2 52. Kg4 c1=Q 0-1


[Site "https://www.chess.com"]

[Event "Titled Tuesday Blitz May 9 Late 2023"]
[White "Pavlidou, Ekaterini"]
[Black "Hnydiuk, Aleksander"]
[WhiteFideId "4213262"]
[BlackFideId "1109057"]
[WhiteElo "2126"]
[BlackElo "2374"]
[Result "0-1"]
[Round "06"]
[TimeControl "180+2"]
[Date "2023.05.09"]
[WhiteClock "0:00:04"]
[BlackClock "0:00:07"]

1. d4 Nf6 2. c4 c5 3. d5 b5 4. cxb5 a6 5. bxa6 g6 6. Nc3 Bg7 7. e4 O-O 8. Nf3 Qa5 9. Bd2 Bxa6 10. a4 Bxf1 11. Kxf1 Qa6+ 12. Kg1 d6 13. Qc2 Nbd7 14. h3 Rfb8 15. Kh2 Ne8 16. Nb5 Nb6 17. Nc3 Nc7 18. b3 e6 19. dxe6 fxe6 20. Bf4 Nd7 21. Rhd1 Ne8 22. Nb5 Bxa1 23. Nxd6 Nxd6 24. Rxd6 Qb7 25. Qd1 Bd4 26. Nxd4 cxd4 27. Qxd4 Nf8 28. Bh6 Qe7 29. e5 Rd8 30. Qe4 Rxd6 31. exd6 Qxd6+ 32. Bf4 Qd5 33. Qe3 Re8 34. Be5 Nd7 35. Bb2 e5 36. b4 Ra8 37. a5 Kf7 38. f4 Ke6 39. fxe5 Rb8 40. Qf4 Rf8 41. Qg4+ Rf5 42. a6 Qd2 43. Qc4+ Ke7 44. Ba3 Qf4+ 45. Qxf4 Rxf4 46. b5+ Ke6 47. a7 Ra4 48. b6 Nxb6 49. Bc5 Nd7 50. Be3 Nxe5 51. Kg3 Nc6 0-1


[Site "https://www.chess.com"]